 Dungeon Crawl Stone Soup version 0.27.1-33-g824d729ab1 (webtiles) character file.

Game seed: 1359538730983547006

192 safid the Skirmisher (level 5, -1/48 HPs)
             Began as a Hill Orc Fighter on Dec 15, 2021.
             Killed from afar by a steam dragon (21 damage)
             ... with a ball of steam
             ... on level 3 of the Dungeon.
             The game lasted 00:04:56 (2577 turns).

safid the Skirmisher (Hill Orc Fighter)             Turns: 2577, Time: 00:04:57

Health: -1/48      AC:  6    Str: 20    XL:     5   Next: 71%
Magic:  5/5        EV:  7    Int:  8    God:
Gold:   44         SH: 14    Dex: 10    Spells: 4/4 levels left

rFire    . . .     SeeInvis .   a - +0 war axe
rCold    . . .     Faith    .   c - +0 kite shield
rNeg     . . .     Spirit   .   b - +0 scale mail
rPois    .         Reflect  +   (no helmet)
rElec    .         Harm     .   (no cloak)
rCorr    .         Rampage  .   (no gloves)
Will     +....                  (no boots)
Stlth    ..........             m - amulet of reflection
HPRegen  0.16/turn              i - ring of willpower
MPRegen  0.09/turn              (no ring)

@: no status effects
A: no striking features
a: no special abilities


You were on level 3 of the Dungeon.
You visited 1 branch of the dungeon, and saw 3 of its levels.

You collected 44 gold pieces.

Inventory:

Hand Weapons
 a - a +0 war axe (weapon)
Missiles
 e - 14 poisoned darts (quivered)
 h - 7 silver javelins
Armour
 b - a +0 scale mail (worn)
 c - a +0 kite shield (worn)
Jewellery
 i - a ring of willpower (left hand)
 m - an amulet of reflection (around neck)
Scrolls
 f - 2 scrolls of teleportation {unknown}
 j - 3 scrolls of identify {unknown}
 k - a scroll of vulnerability {unknown}
 l - a scroll of fear {unknown}
Potions
 d - a potion of might
 g - a potion of attraction {unknown}


   Skills:
 + Level 5.2 Fighting
 + Level 4.8 Axes
 - Level 3.2 Armour
 + Level 4.7 Shields


You had 4 spell levels left.
You didn't know any spells.
Your spell library contained the following spells:

 Spells                   Type           Power      Damage    Failure   Level
 Foxfire                  Conj/Fire      0%         2x1d4     99%         1
 Blink                    Tloc           N/A        N/A       100%        2
 Conjure Flame            Conj/Fire      0%         6-21      100%        3
 Dazzling Flash           Conj/Hex       0%         N/A       100%        3
 Inner Flame              Hex/Fire       0%         N/A       100%        3
 Lesser Beckoning         Tloc           0%         N/A       100%        3
 Iskenderun's Mystic Bla  Conj/Tloc      0%         2d3       100%        4
 Manifold Assault         Tloc           0%         N/A       100%        5
 Starburst                Conj/Fire      0%         6d3       100%        6


Dungeon Overview and Level Annotations

Branches:
Dungeon (3/15)

Altars:


Message History

The adder closely misses you. The adder bites you.
You are poisoned.
The adder poisons you!
You hit the adder.
The adder is almost dead.
You feel sick. You block the adder's attack. x2
You closely miss the adder.
The adder is almost dead.
You feel sick. The adder bites you but does no damage.
You block the adder's attack.
You slash the adder!
You kill the adder!
You feel sick.
You are no longer poisoned.
No target in view!
You see here an adder corpse.
A steam dragon comes into view.
The steam dragon hisses angrily.
A steam dragon is nearby!
The steam dragon breathes steam at you. The ball of steam hits you!
No target in view!
No target in view!
No target in view!
No target in view!
You are engulfed in a cloud of scalding steam.
You see here an adder corpse.
Throw: 15 darts (poison)
Press: ? - help, Q - select action, (/) - cycle Shift-Dir - straight line, f - steam dragon
Aim: a steam dragon (57% to hit)
You throw a poisoned dart.
The poisoned dart hits the steam dragon.
The steam dragon breathes steam at you. The ball of steam hits you.
You are engulfed in a cloud of scalding steam.
You are engulfed in a cloud of scalding steam.
You see here a +0 dagger.
The steam dragon breathes steam at you. The ball of steam hits you!!
You die...

...†......##
###..>.........
.....##D#.#####
.#...##§#.# #.#
.#....#§#.######## #.#
...P.P..§........# #.#
#.(#..#§§#######.# #.#
≈≈≈≈≈≈≈≈D#######.#### #.#
..........†.....@...## #.#
≈≈≈≈≈≈≈≈.#####..§#.#.###.#
#..#..#..# #...§###....#
P.......# #.###.#.###.#
####.##.# #.# ##.## #.# #.
#.#####.####D# #.# .
..........##.# #.# #
#######.#.##D####.#
#...)#......#


There were no monsters in sight!

Vanquished Creatures
  A scorpion (D:3)
  Jessica (D:2)
  3 adders
  3 worms
  4 dart slugs
  2 ball pythons
  8 endoplasms
  2 giant cockroaches
  4 goblins
  12 hobgoblins
  5 jackals
  6 kobolds
  3 quokkas
  2 bats (D:3)
  3 frilled lizards
  2 rats
61 creatures vanquished.

Vanquished Creatures (others)
  12 plants (D:3)
12 creatures vanquished.

Grand Total: 73 creatures vanquished

Notes
Turn   | Place    | Note
-------+----------+-------------------------------------------
     0 | D:1      | safid the Hill Orc Fighter began the quest for the Orb.
     0 | D:1      | Reached XP level 1. HP: 19/19 MP: 1/1
   112 | D:1      | Reached XP level 2. HP: 27/27 MP: 2/2
   179 | D:1      | Reached skill level 4 in Fighting
   302 | D:1      | Reached XP level 3. HP: 33/33 MP: 3/3
   467 | D:1      | Found a faded altar of an unknown god.
  1253 | D:2      | Noticed Jessica
  1272 | D:2      | Killed Jessica
  1273 | D:2      | Reached XP level 4. HP: 33/41 MP: 4/4
  1992 | D:3      | Noticed a scorpion
  2001 | D:3      | Killed a scorpion
  2002 | D:3      | Reached skill level 5 in Fighting
  2002 | D:3      | Reached XP level 5. HP: 24/48 MP: 5/5
  2552 | D:3      | Noticed a steam dragon
  2577 | D:3      | Killed from afar by a steam dragon

Illustrated notes

Levels and vault maps discovered:
D:1:      lemuel_arrival_broad_hall, layout_loops_ring,
          ebering_ecumenical_altar_rust, minmay_misc_feat_room
D:2:      layout_loops_ring, uniq_jessica
D:3:      layout_loops_ring, nicolae_elyvilon_temple_path,
          kennysheep_generic_room_3

Skill      XL: |  1  2  3  4 |
---------------+-------------+-----
Axes           | 3 4 |  4.8
Fighting       | 4 5 |  5.2
Shields        | 4 |  4.7
Armour         | |  3.2

Action                   |  1- 3 |  4- 6 || total
-------------------------+-------+-------++-------
Melee: War axe           |    85 |    69 ||   154
Throw: Dart              |     4 |     1 ||     5
Armor: Scale mail        |    25 |    26 ||    51
Dodge: Dodged            |    18 |    26 ||    44
Block: Kite shield       |    31 |    41 ||    72
       Reflection        |       |     1 ||     1
